 Dungeon Crawl Stone Soup version 0.21-a0-113-g6841d05 (webtiles) character file.

52 sagitran the Skirmisher (level 3, -2/29 HPs)
             Began as a Demonspawn Abyssal Knight on July 12, 2017.
             Was a Follower of Lugonu.
             Killed from afar by Terence (6 damage)
             ... with a wand of flame (?/48)
             ... on level 2 of the Dungeon.
             The game lasted 00:04:54 (1894 turns).

sagitran the Skirmisher (Demonspawn Abyssal Knight) Turns: 1894, Time: 00:04:55

Health: -2/29      AC:  5    Str: 13    XL:     3   Next: 60%
Magic:  4/4        EV: 11    Int: 13    God:    Lugonu [*.....]
Gold:   79         SH:  0    Dex: 12    Spells: 2/2 levels left

rFire    . . .     SeeInvis .   a - +1 mace
rCold    . . .     Gourm    .   (no shield)
rNeg     . . .     Faith    .   b - +0 leather armour
rPois    .         Spirit   .   (no helmet)
rElec    .         Reflect  .   (no cloak)
rCorr    .         Harm     .   (no gloves)
MR       .....                  (no boots)
Stlth    +.........             (no amulet)
HPRegen  0.09/turn              (no ring)
MPRegen  0.09/turn              (no ring)

@: flying
A: molten scales 1
a: Depart the Abyss, Renounce Religion


You were on level 2 of the Dungeon.
You worshipped Lugonu.
Lugonu was aware of your devotion.
You were not hungry.

You visited 1 branch of the dungeon, and saw 3 of its levels.
You visited the Abyss 1 time.

You collected 79 gold pieces.

Inventory:

Hand Weapons
 a - a +1 mace (weapon)
Armour
 b - a +0 leather armour (worn)
Wands
 d - a wand of disintegration (16/24)
Scrolls
 e - 3 scrolls of teleportation {unknown}
 g - a scroll of fear {unknown}
 h - a scroll of identify {unknown}
 i - a scroll of enchant weapon {unknown}
 o - a scroll of fog {unknown}
 p - a scroll of blinking {unknown}
Potions
 f - 2 potions of flight
 j - a potion of curing {unknown}
 k - 2 potions of brilliance {unknown}
 m - 2 potions of magic {unknown}
 n - 2 potions of mutation {unknown}
Comestibles
 c - a bread ration
 l - a meat ration


   Skills:
 + Level 3.6 Fighting
 + Level 2.2 Maces & Flails
 + Level 2.2 Armour
 + Level 1.2 Dodging
 + Level 0.4 Stealth
 + Level 2.6 Invocations


You had 2 spell levels left.
You didn't know any spells.

Dungeon Overview and Level Annotations

Branches:
Dungeon (3/15)

Altars:

Annotations:
D:2 Terence


Innate Abilities, Weirdness & Mutations

You are partially covered in molten scales. (AC +2)


Message History

Terence is moderately wounded.
Terence misses you.
You barely miss Terence.
Terence is moderately wounded.
Terence hits you but does no damage.
You hit Terence.
Terence is severely wounded.
Terence hits you with a trident.
You closely miss Terence.
Terence is severely wounded.
Terence barely misses you.
Terence zaps a wand.
The puff of flame hits you!
It is a wand of flame (?/48).
You hit Terence.
Terence is severely wounded.
Terence zaps a wand.
The puff of flame hits you!
* * * LOW HITPOINT WARNING * * *
It was a potion of flight.
You feel very buoyant.
You fly up into the air.
Terence zaps a wand.
The puff of flame hits you!
You die...

......# #.#
####..# #.# #.# #
#..... #.# #.# #
#...##.#.# #.# #
#....# #.# #.# .
.....# #.# #.#
######### #.# #.#
.. #.# #@#
###########.####@#
.................#
.##########.######
.# #.#. (# #.#. ##
.####### #.#. .# #
###....# #.#. .#.#
..'....+ #.#. .#.#
###....## #.#. ...


You could see Terence.

Vanquished Creatures
  2 adders (D:2)
  A leopard gecko (D:2)
  8 hobgoblins
  8 jackals
  A quokka (D:2)
  5 bats
  2 frilled lizards
  A kobold (D:1)
  2 rats
30 creatures vanquished.

Notes
Turn   | Place    | Note
-------+----------+-------------------------------------------
     0 | Abyss:1  | sagitran the Demonspawn Abyssal Knight began the quest for the Orb.
     0 | Abyss:1  | Reached XP level 1. HP: 18/18 MP: 2/2
    48 | Abyss:2  | Noticed a small abomination
    56 | Abyss:2  | Noticed a small abomination
    64 | Abyss:2  | Noticed a small abomination
    68 | Abyss:2  | Noticed a large abomination
    68 | D:1      | Escaped the Abyss
   312 | D:1      | Reached * piety under Lugonu
   723 | D:1      | Gained mutation: You are partially covered in molten scales. (AC +2) [demonic ancestry]
   723 | D:1      | Reached XP level 2. HP: 22/24 MP: 3/3
   854 | D:1      | Reached skill level 1 in Dodging
  1252 | D:2      | Reached XP level 3. HP: 20/29 MP: 4/4
  1885 | D:2      | Noticed Terence
  1894 | D:2      | Killed from afar by Terence

Vault maps used:
D:1:      co_arrival_random_square_maze
D:2:      minmay_tiny_reverse_x, uniq_terence
D:3:      first_bread, serial_corexii_hall, corexii_hall_statues_l,
          corexii_hall_statues_l

Skill      XL: |  1  2 |
---------------+-------+-----
Maces & Flails | 2 |  2.2
Dodging        | 1 |  1.2
Armour         | 2 |  2.2
Fighting       | |  3.6
Stealth        | |  0.4
Invocations    | |  2.6

Action                   || total
-------------------------++-------
Melee: Mace              ||   106
Invok: Depart the Abyss  ||     1
  Use: Potion            ||     1
  Eat: Bread ration      ||     1
Armor: Leather armour    ||    46
Dodge: Dodged            ||    91
